 Dungeon Crawl Stone Soup version 0.24.0-123-gd5b16e6ec5 (webtiles) character file.

Game seed: 17411236572048453072, levelgen mode: deterministic

275 hazymike the Charlatan (level 6, 0/47 HPs)
             Began as a Formicid Artificer on Feb 3, 2020.
             Slain by Grinder (5 damage)
             ... on level 3 of the Dungeon.
             The game lasted 00:13:18 (3107 turns).

hazymike the Charlatan (Formicid Artificer)         Turns: 3107, Time: 00:13:19

Health: 0/47       AC:  3    Str: 19    XL:     6   Next: 49%
Magic:  9/9        EV: 12    Int: 10    God:
Gold:   132        SH:  0    Dex: 11    Spells: 5/5 levels left

rFire    . . .     SeeInvis +   a - +0 flail
rCold    . . .     Gourm    .   (no shield)
rNeg     . . .     Faith    .   b - +0 leather armour
rPois    .         Spirit   .   (helmet unavailable)
rElec    .         Reflect  .   (no cloak)
rCorr    .         Harm     .   (no gloves)
MR       .....                  (no boots)
Stlth    ++........             (no amulet)
HPRegen  0.15/turn              (no ring)
MPRegen  0.11/turn              (no ring)

@: no status effects
A: permanent stasis, dig shafts and tunnels, four strong arms, antennae 3
a: Dig, Shaft Self


You were on level 3 of the Dungeon.
You were not hungry.

You visited 1 branch of the dungeon, and saw 3 of its levels.

You collected 132 gold pieces.

Inventory:

Hand Weapons
 a - a +0 flail (weapon)
 o - a +0 hunting sling
Missiles
 g - 159 stones
 s - 9 boomerangs (quivered)
 y - 10 sling bullets
Armour
 b - a +0 leather armour (worn)
Jewellery
 j - an uncursed amulet of harm {unknown}
 r - an uncursed ring of wizardry {unknown}
 v - an uncursed ring of magical power {unknown}
 w - a +3 ring of strength {unknown}
 x - an uncursed amulet of regeneration {unknown}
Wands
 c - a wand of flame (15)
 d - a wand of enslavement (15)
 e - a wand of random effects (15)
Scrolls
 i - 3 scrolls of identify {unknown}
 k - a scroll of immolation {unknown}
 m - a scroll of teleportation {unknown}
 p - a scroll of enchant armour {unknown}
 q - 3 scrolls of remove curse {unknown}
Potions
 h - a potion of might {unknown}
 l - 2 potions of heal wounds {unknown}
 n - a potion of flight {unknown}
 t - 2 potions of curing {unknown}
Comestibles
 f - 8 rations
 u - a chunk of flesh


   Skills:
 + Level 3.0 Fighting
   Level 1.0 Short Blades
 * Level 3.2 Maces & Flails
 + Level 2.6 Armour
 - Level 2.0 Dodging
 - Level 2.0 Stealth
 + Level 4.4 Evocations


You had 5 spell levels left.
You didn't know any spells.
Your spell library was empty.

Dungeon Overview and Level Annotations

Branches:
Dungeon (3/15)

Altars:
Nemelex Xobeh

Annotations:
D:1 1 exclusion
D:3 Grinder


Innate Abilities, Weirdness & Mutations

You cannot be hasted, slowed, berserked, paralysed or teleported.
You can dig through walls and to a lower floor.
Your four strong arms can wield two-handed weapons with a shield.
You have a pair of large antennae on your head. (SInv)


Message History

Grinder blinks!
Grinder barely misses you.
You barely miss Grinder.
Grinder is moderately wounded.
Grinder hits you but does no damage.
You thump Grinder!
Grinder is heavily wounded.
Grinder hits you but does no damage. Grinder gestures at you.
Pain shoots through your body!
* * * LOW HITPOINT WARNING * * *
You hit Grinder but do no damage.
Grinder is heavily wounded.
Grinder gestures at you. Pain shoots through your body!
* * * LOW HITPOINT WARNING * * *
You barely miss Grinder.
Grinder is heavily wounded.
Grinder hits you.
You die...

#. #....... # ## #...
#...... .. #... #.....#
.⌠. ...##..... ..._
###......'#..#⌠. ##.
#........'...... ...
#........#### ..
#...#.5.....+.........
#...#.@..####.........#
#...#.............. ..
#..........#.#....## #
###....>........... +
#....÷.....#.#...######
#...#.#................
#...#.#..........#####.
#...#.#..........#####.
#...#.#......#........#


You could see Grinder.

Vanquished Creatures
  Sigmund (D:2)
  2 orc wizards (D:3)
  5 worms
  A dart slug (D:2)
  2 leopard geckos
  4 orcs
  2 ball pythons (D:2)
  2 giant cockroaches
  6 goblins
  3 hobgoblins
  6 bats
  4 frilled lizards (D:2)
  2 kobolds
  7 rats
47 creatures vanquished.

Notes
Turn   | Place    | Note
-------+----------+-------------------------------------------
     0 | D:1      | hazymike the Formicid Artificer began the quest for the
                  | Orb.
     0 | D:1      | Reached XP level 1. HP: 15/15 MP: 3/3
   270 | D:1      | Reached XP level 2. HP: 21/21 MP: 4/4
   844 | D:1      | 5GP to apport
  1215 | D:2      | Reached skill level 1 in Armour
  1215 | D:2      | Reached XP level 3. HP: 15/26 MP: 5/5
  1822 | D:2      | Noticed Sigmund
  1837 | D:2      | Killed Sigmund
  1837 | D:2      | Reached skill level 4 in Evocations
  1837 | D:2      | Reached XP level 4. HP: 12/34 MP: 5/7
  1837 | D:2      | Reached XP level 5. HP: 14/39 MP: 5/8
  1837 | D:2      | Reached XP level 6. HP: 17/46 MP: 5/9
  3085 | D:3      | Found a sparkling altar of Nemelex Xobeh.
  3085 | D:3      | Noticed Grinder
  3107 | D:3      | Slain by Grinder

Levels and vault maps discovered:
D:1:      shiori_arrival_elements, layout_basic, minmay_misc_feat_room,
          corexii_item_surrounded_by_moat, corexii_leaking_fountain
D:2:      layout_basic, chequers_avenue, kennysheep_boxes, uniq_sigmund
D:3:      minmay_chambers_of_threes, layout_basic,
          nemelex_xobeh_ov_fountains_minmay, serial_glass, glass_columns_a,
          glass_columns_a, first_ration, uniq_grinder

Skill      XL: |  1  2  3  4  5  6 |
---------------+-------------------+-----
Dodging        | 2 |  2.0
Armour         | 1 2 |  2.6
Stealth        | 2 |  2.0
Fighting       | 2 3 |  3.0
Maces & Flails | 2 3 |  3.2
Evocations     | 4 |  4.4
Short Blades   | |  1.0

Action                   |  1- 3 |  4- 6 || total
-------------------------+-------+-------++-------
Melee: Short sword       |    38 |       ||    38
       Flail             |    59 |    66 ||   125
Throw: Stone             |    60 |       ||    60
       Boomerang         |       |    16 ||    16
 Stab: Sleeping          |     1 |     3 ||     4
  Eat: Chunk             |     3 |     4 ||     7
Armor: Leather armour    |    14 |    13 ||    27
Dodge: Dodged            |    64 |    32 ||    96
